 Seeded DCSS version 0.30-a0-1016-gfb0d676c02 (webtiles) character file.

Game seed: 10352460324943366261 (custom seed)

748 GigaChad the Shield-Bearer (level 8, -13/62 HPs)
             Began as a Formicid Fighter on Apr 6, 2023.
             Mangled by an ogre
             ... wielding a +0 giant club
              (21 damage)
             ... on level 5 of the Dungeon.
             The game lasted 00:06:59 (3338 turns).

GigaChad the Shield-Bearer (Formicid Fighter)       Turns: 3338, Time: 00:07:01

Health: -13/62     AC: 11    Str: 29    XL:     8   Next: 6%
Magic:  8/8        EV:  8    Int:  8    God:
Gold:   1422       SH: 10    Dex: 13    Spells: 7/7 levels left

rFire   . . .      SeeInvis +    a - +1 war axe
rCold   . . .      Faith    .    l - +0 kite shield
rNeg    . . .      Spirit   .    v - +0 chain mail
rPois   .          Reflect  .    (helmet unavailable)
rElec   .          Rampage  .    r - +0 cloak
rCorr   .                        (no gloves)
Will    .....                    (no boots) Stlth
                                 (no amulet)
HPRegen 0.30/turn                e - +6 ring of strength
MPRegen 0.11/turn                (no ring)

@: no status effects
A: permanent stasis, dig shafts and tunnels, antennae 3, four strong arms
a: Dig, Shaft Self


You were on level 5 of the Dungeon.
You visited 1 branch of the dungeon, and saw 6 of its levels.

You collected 1422 gold pieces.

Inventory:

Hand Weapons
 a - a +1 war axe (weapon)
 q - a +4 quarterstaff of chaos
Armour
 b - a +0 scale mail
 c - a +0 buckler
 l - a +0 kite shield (worn)
 r - a +0 cloak (worn)
 v - a +0 chain mail (worn)
Jewellery
 e - a +6 ring of strength (left hand)
 n - a ring of magical power
 u - a ring of magical power
Wands
 p - a wand of flame (11)
 x - a wand of paralysis (9)
 y - a wand of mindburst (21)
Scrolls
 i - a scroll of butterflies
 j - a scroll of fog
 m - 6 scrolls of identify
Potions
 d - a potion of might
 f - a potion of curing {unknown}
 g - a potion of brilliance {unknown}
 h - a potion of degeneration {unknown}
 k - a potion of flight {unknown}
 o - 6 potions of lignification {unknown}
 s - 2 potions of ambrosia {unknown}
 t - a potion of attraction {unknown}
 w - a potion of magic {unknown}


   Skills:
 * Level 5.0 Fighting
 + Level 5.4 Axes
 * Level 5.3 Armour
 - Level 0.2 Dodging
 - Level 0.8 Stealth
 + Level 6.3 Shields


You had 7 spell levels left.
You didn't know any spells.
Your spell library contained the following spells:

 Spells                   Type           Power      Damage    Failure   Level
 Apportation              Tloc           0%         N/A       98%         1
 Kiss of Death            Conj/Necr      0%         2d5       98%         1
 Magic Dart               Conj           0%         1d3       98%         1
 Necrotise                Necr           0%         1d4       98%         1
 Slow                     Hex            0%         N/A       98%         1
 Summon Small Mammal      Summ           0%         N/A       98%         1
 Cigotuvi's Dreadful Rot  Necr/Pois/Air  0%         N/A       99%         2
 Searing Ray              Conj           0%         2d4       99%         2
 Confusing Touch          Hex            0%         N/A       100%        3
 Hailstorm                Conj/Ice       0%         3d3       100%        3
 Ignite Poison            Fire/Tmut/Pois 0%         N/A       100%        3
 Vampiric Draining        Necr           0%         2d6       100%        3
 Dispel Undead            Necr           0%         3d6       100%        4
 Fulminant Prism          Conj/Hex       0%         3d5       100%        4
 Ice Form                 Ice/Tmut       0%         N/A       100%        4
 Manifold Assault         Tloc           0%         N/A       100%        4
 Freezing Cloud           Conj/Ice/Air   0%         6-21      100%        5
 Simulacrum               Ice/Necr       0%         N/A       100%        6
 Storm Form               Tmut/Air       0%         N/A       100%        7
 Blink                    Tloc           Unusable   N/A       N/A         2

Dungeon Overview and Level Annotations

Branches:
Dungeon (6/15)
 Temple: D:4-7

Altars:

Shops:
D:1 [


Innate Abilities, Weirdness & Mutations

You cannot be hasted, slowed, berserked, paralysed or teleported.
You can dig through walls and to a lower floor.
You have a pair of large antennae on your head. (SInv)
Your four strong arms can wield two-handed weapons with a shield.


Message History

Beogh smites you!
The orc wizard hits you with a +0 dagger.
The orc hits you with a +0 hand axe.
The orc priest mumbles some strange prayers to Beogh against you.
Beogh smites you!
* * * LOW HITPOINT WARNING * * *
You block the orc's attack. The orc wizard closely misses you.
You are too injured to fight recklessly!
Unknown command.
You are too injured to fight recklessly!
You are too injured to fight recklessly!
Unknown command.
You are too injured to fight recklessly!
Unknown command.
You are too injured to fight recklessly!
Unknown command.
You hit the orc wizard.
The orc wizard is almost dead.
You barely miss the orc priest. You slash the orc!
You kill the orc!
You block the orc priest's attack. The orc wizard barely misses you.
An iguana comes into view.
You slash the orc wizard!
You kill the orc wizard!
You hit the orc priest.
You kill the orc priest!
You have reached level 8!
You feel clever. The ogre hits you with a +0 giant club!
* * * LOW HITPOINT WARNING * * *
Things that are here:
a +0 falchion; a +0 leather armour; an orc corpse You hit the ogre.
The ogre is lightly wounded.
A kobold skeleton comes into view.
You block the ogre's attack.
You hit the ogre.
The ogre is moderately wounded.
The ogre hits you with a +0 giant club!!
You die...

#.........# ... +.....
#.........# .... #....
#.....(...# .... #...#
#....##...# .....
#...####....##...#
.....##................#
.....................(.#
.......................#
.....lO@...<...........#
....$##.)..............#
.Z. #...##.....###...# .
..##...##.....###...#
.....................#
.....................#
...###.........>......#
#. #................# #
#...##.....#######


You could see an ogre, an iguana and a kobold skeleton.

Vanquished Creatures
  A black bear (D:4)
  An ogre (D:3)
  Blork the orc (D:4)
  A bullfrog (D:3)
  A howler monkey (D:4)
  Crazy Yiuf (D:2)
  An orc priest (D:5)
  A hound (D:3)
  Jessica (D:2)
  A sleepcap (D:4)
  An iguana (D:3)
  2 orc wizards
  A gnoll (D:1)
  8 adders
  A white imp (D:5)
  A worm (D:2)
  2 dart slugs
  8 orcs
  11 endoplasms
  3 giant cockroaches (D:3)
  5 goblins
  2 hobgoblins
  9 jackals
  4 quokkas
  10 ball pythons
  5 bats
  3 frilled lizards (D:1)
  6 kobolds
  3 rats
95 creatures vanquished.

Vanquished Creatures (others)
  19 plants (D:1)
19 creatures vanquished.

Grand Total: 114 creatures vanquished

Notes
Turn   | Place    | Note
-------+----------+-------------------------------------------
     0 | D:1      | GigaChad the Formicid Fighter began the quest for the Orb.
     0 | D:1      | Reached XP level 1. HP: 18/18 MP: 1/1
    64 | D:1      | Found Huege's Antique Armour Shoppe.
   116 | D:1      | Reached XP level 2. HP: 24/24 MP: 2/2
   203 | D:1      | Found a faded altar of an unknown god.
   400 | D:1      | Reached XP level 3. HP: 28/30 MP: 3/3
   793 | D:2      | Reached XP level 4. HP: 33/37 MP: 4/4
  1141 | D:2      | Found a runed translucent door.
  1141 | D:2      | Noticed Jessica
  1142 | D:2      | Noticed Crazy Yiuf
  1298 | D:2      | Reached skill level 5 in Shields
  1298 | D:2      | Reached XP level 5. HP: 42/42 MP: 5/5
  1355 | D:2      | Killed Crazy Yiuf
  1358 | D:2      | Killed Jessica
  1840 | D:3      | Reached XP level 6. HP: 45/48 MP: 6/6
  1993 | D:3      | Noticed an ogre
  1996 | D:3      | Killed an ogre
  1998 | D:3      | Identified a scroll of acquirement
  1998 | D:3      | Acquired 1237 gold pieces
  2152 | D:3      | Reached XP level 7. HP: 53/55 MP: 7/7
  2413 | D:3      | Reached skill level 6 in Shields
  2499 | D:4      | Noticed Blork the orc
  2512 | D:4      | Killed Blork the orc
  2718 | D:4      | You fall into a shaft and drop 2 floors!
  2729 | D:5      | Entered Level 5 of the Dungeon
  2836 | D:4      | Reached skill level 5 in Axes
  2836 | D:4      | Reached skill level 5 in Armour
  3161 | D:4      | Reached skill level 5 in Fighting
  3336 | D:5      | Reached XP level 8. HP: 16/62 MP: 8/8
  3338 | D:5      | Mangled by an ogre

Illustrated notes

Levels and vault maps discovered:
D:1:      roderic_crop_circles_arrival_large, layout_basic,
          dreamdust_ecumenical_altar_grove, serial_shops, shop, st_stairs_6
D:2:      layout_loops_ring, uniq_crazy_yiuf_cottage, uniq_jessica
D:3:      layout_loops_corners
D:4:      layout_basic, kennysheep_minor_cross, chequers_serial_rivers_large_b,
          uniq_blork_the_orc
D:5:      layout_gridville, nicolae_tso_besieged_by_evil, temple_green,
          serial_park_tiny_1, chequers_serial_rivers_marsh
D:6:      layout_basic, mainiacjoe_overflow_24_doors,
          minmay_overflow_temple_star_hex, mainiacjoe_overflow_boulevard,
          ebering_ghost_sewer_f, dreamdust_princess_bridge

Skill      XL: |  1  2  3  4  5  6  7 |
---------------+----------------------+-----
Axes           | 3 4 5 |  5.4
Shields        | 5 6 |  6.3
Fighting       | 4 5 |  5.0
Armour         | 4 5 |  5.3
Dodging        | |  0.2
Stealth        | |  0.8

Action                     |  1- 3 |  4- 6 |  7- 9 || total
---------------------------+-------+-------+-------++-------
  Melee: War axe           |    66 |    86 |    93 ||   245
Ability: Dig               |     1 |     1 |       ||     2
    Use: Scroll            |     3 |     3 |     1 ||     7
 Armour: Scale mail        |    30 |    23 |       ||    53
         Chain mail        |       |     7 |    45 ||    52
  Dodge: Dodged            |    29 |    25 |    35 ||    89
  Block: Buckler           |     3 |       |       ||     3
         Kite shield       |    24 |    49 |    38 ||   111

Table legend: (Time is in decaauts)
 A = Elapsed time spent in this place.
 B = Non-inter-level travel time spent in this place.
 C = Inter-level travel time spent in this place.
 D = Time resting spent in this place.
 E = Time spent auto-exploring this place.
 F = Levels seen in this place.
 G = Mean time per level.
                   A        B        C        D        E       F      G
               +--------+--------+--------+--------+--------+-----+--------+
         Total |   3465 |   3298 |    167 |      0 |   2506 |   6 |  577.5 |
       Dungeon |   3465 |   3298 |    167 |      0 |   2506 |   6 |  577.5 |
               +--------+--------+--------+--------+--------+-----+--------+

Top non-repeatable levels by time:
     D:3: 1124 daAuts
     D:4: 780 daAuts
     D:2: 735 daAuts
     D:1: 715 daAuts
     D:5: 98 daAuts
     D:6: 10 daAuts
